 Dungeon Crawl Stone Soup version 0.23.2-33-g5129a83184 (webtiles) character file.

Game seed: 14660601116037486790

109 geeseburger the Skirmisher (level 4, 0/41 HPs)
             Began as a Draconian Monk on June 27, 2019.
             Slain by Terence
             ... wielding a +3 flail of protection
              (8 damage)
             ... on level 2 of the Dungeon.
             The game lasted 00:04:04 (1935 turns).

geeseburger the Skirmisher (Draconian Monk)         Turns: 1935, Time: 00:04:05

Health: 0/41       AC:  5    Str: 13    XL:     4   Next: 60%
Magic:  4/4        EV: 19    Int: 11    God:
Gold:   0          SH:  0    Dex: 19    Spells: 3/3 levels left

rFire    . . .     SeeInvis .     - Unarmed
rCold    . . .     Gourm    .   (no shield)
rNeg     . . .     Faith    .   (armour unavailable)
rPois    .         Spirit   .   (helmet restricted)
rElec    .         Reflect  .   (no cloak)
rCorr    .         Harm     .   (no gloves)
MR       .....                  (no boots)
Stlth    +++.......             (no amulet)
HPRegen  0.13/turn              (no ring)
MPRegen  0.09/turn              (no ring)

@: agile
A: unfitting armour, cold-blooded, AC +5
a: no special abilities


You were on level 2 of the Dungeon.
You were not hungry.

You visited 1 branch of the dungeon, and saw 2 of its levels.

Inventory:

Scrolls
 b - 4 scrolls of identify
 d - a scroll of teleportation {unknown}
 e - a scroll of amnesia
 f - a scroll of enchant weapon {unknown}
Potions
 c - a potion of curing
Comestibles
 a - 2 rations


   Skills:
 * Level 4.5 Fighting
 * Level 3.7 Dodging
 - Level 1.7 Stealth
 + Level 3.5 Unarmed Combat


You had 3 spell levels left.
You didn't know any spells.
Your spell library was empty.

Dungeon Overview and Level Annotations

Branches:
Dungeon (2/15)

Altars:
Cheibriados
Hepliaklqana
Xom

Annotations:
D:2 Terence


Innate Abilities, Weirdness & Mutations

Your plain brown scales are hard. (AC +5)
You cannot fit into any form of body armour.
You are cold-blooded and may be slowed by cold attacks.


Message History

You hit Terence.
Your tail-slap misses Terence.
You punch Terence, but do no damage.
Terence is almost dead.
Terence misses you.
You hit Terence but do no damage.
Terence is almost dead.
Terence closely misses you.
You hit Terence but do no damage.
Terence is almost dead.
Terence misses you.
You hit Terence but do no damage.
Terence is almost dead.
You hit Terence but do no damage.
Terence is almost dead.
Terence closely misses you.
You hit Terence but do no damage.
You tail-slap Terence, but do no damage.
Terence is almost dead.
Terence hits you with a +3 flail of protection!
You die...

........###.####.#........#
..#.##..#.......#####.###..
#. ##?#.....### #.# ###
##.##..<.[..# #.#
..>........# #.# ###
........†..# #(###..
..#.......### #<....#
...#.......#.# #..####
.......@.....# #.##
####.#.@.....# #.#
#.#......## #.## #
#....#..# #..### #.#######
#....## ... ##..... #.##
###... ## ###. #.


You could see Terence.

Vanquished Creatures
  An orc wizard (D:1)
  A worker ant (D:2)
  An adder (D:2)
  2 dart slugs (D:1)
  A leopard gecko (D:1)
  2 orcs (D:1)
  2 ball pythons (D:2)
  A giant cockroach (D:1)
  9 goblins
  5 hobgoblins
  4 jackals (D:1)
  2 bats
  2 frilled lizards (D:1)
  3 kobolds
  5 rats
41 creatures vanquished.

Notes
Turn   | Place    | Note
-------+----------+-------------------------------------------
     0 | D:1      | geeseburger the Draconian Monk began the quest for the Orb.
     0 | D:1      | Reached XP level 1. HP: 19/19 MP: 1/1
   256 | D:1      | Reached XP level 2. HP: 26/26 MP: 2/2
   567 | D:1      | Reached XP level 3. HP: 33/33 MP: 3/3
   821 | D:2      | Reached skill level 4 in Fighting
  1283 | D:1      | Reached XP level 4. HP: 12/40 MP: 4/4
  1801 | D:2      | Found a hazy altar of Hepliaklqana.
  1810 | D:2      | Found a shimmering altar of Xom.
  1813 | D:2      | Found a snail-covered altar of Cheibriados.
  1893 | D:2      | Noticed Terence
  1935 | D:2      | Slain by Terence

Skill      XL: |  1  2  3 |
---------------+----------+-----
Dodging        | 3 |  3.7
Fighting       | 4 |  4.5
Stealth        | |  1.7
Unarmed Combat | |  3.5

Action                   |  1- 3 |  4- 6 || total
-------------------------+-------+-------++-------
Melee: Unarmed           |   120 |    56 ||   176
       Tailslap          |    17 |    11 ||    28
       Punch             |     2 |     2 ||     4
  Use: Scroll            |     4 |       ||     4
       Potion            |       |     1 ||     1
 Stab: Sleeping          |     4 |       ||     4
  Eat: Ration            |     1 |       ||     1
Armor: Skin              |    31 |     6 ||    37
Dodge: Dodged            |    90 |    34 ||   124
